 Dungeon Sprint DCSS version 0.19.0-20-gbc5f0c6 (webtiles) character file.

4773 Groucho the Fetichist (level 10, -21/53 HPs)
             Began as a Spriggan Assassin on Nov 17, 2016.
             Was an Initiate of Gozag.
             Demolished by Agnes
             ... wielding a +0 lajatang
              (23 damage)
             ... in the Dungeon (Sprint IV: "Fedhas' Mad Dash").
             The game lasted 00:14:26 (5294 turns).

Groucho the Fetichist (Spriggan Assassin)           Turns: 5294, Time: 00:14:27

Health: -21/53     AC:  3    Str:  9    XL:     10   Next: 23%
Magic:  23/23      EV: 26    Int: 16    God:    Gozag
Gold:   548        SH:  0    Dex: 18    Spells: 7 memorised, 9 levels left

rFire  + . .     SeeInvis +     b - +0 blowgun
rCold  . . .     Gourm    .     c - +0 robe
rNeg   . . .     Faith    .     (shield restricted)
rPois  .         Spirit   .     (helmet restricted)
rElec  +         Reflect  .     d - +0 cloak
rCorr  .         Harm     .     (gloves unavailable)
MR     +....     NoTele   +     (boots unavailable)
Stlth  ++++++....               n - amulet of invisibility {+Inv}
                                (no ring)
                                t - ring "Oprom" {+Inv rElec rF+ Str+2 Slay+3}

@: very slightly contaminated, very quick
A: unfitting armour, see invisible, herbivore 3, speed 3, slow metabolism 2
a: Potion Petition, Call Merchant, Bribe Branch, Renounce Religion, Evoke
Invisibility


You were in the Dungeon.
You worshipped Gozag.
Gozag was pleased with you.
You were not hungry.

You visited 1 branch You collected 2213 gold pieces.
You spent 816 gold pieces at shops.
You paid 849 gold pieces to Gozag.

Inventory:

Hand Weapons
 a - a +2 dagger
 b - a +0 blowgun (weapon)
Missiles
 e - 2 poisoned needles (quivered)
 o - 49 stones
Armour
 c - a +0 robe (worn)
 d - a +0 cloak (worn)
 j - a +0 buckler
Jewellery
 n - the amulet of invisibility (around neck) {+Inv}
   (You found it in the Dungeon)

   [amulet of nothing]

   It lets you turn invisible.
 t - the ring "Oprom" (left hand) {+Inv rElec rF+ Str+2 Slay+3}
   (You bought it in a shop in the Dungeon)

   [ring of protection from fire]

   It affects your strength (+2).
   It affects your accuracy and damage with ranged weapons and melee attacks
   (+3).
   It protects you from fire.
   It insulates you from electricity.
   It lets you turn invisible.
Scrolls
 p - 4 scrolls of amnesia {unknown}
 s - a scroll of fog {unknown}
Potions
 h - 2 potions of curing
 k - 2 potions of magic
Books
 l - a book of Air

   Spells                             Type                      Level
   a - Shock                          Conjuration/Air              1
   b - Swiftness                      Charms/Air                   2
   c - Repel Missiles                 Charms/Air                   2
   d - Static Discharge               Conjuration/Air              3
   e - Lightning Bolt                 Conjuration/Air              5
 q - the Papyrus of Freezing Dark Secrets
   (You found it in the Dungeon)

   Spells                             Type                      Level
   a - Animate Skeleton               Necromancy                   1
   b - Pain                           Necromancy                   1
   c - Regeneration                   Charms/Necromancy            3
   d - Summon Ice Beast               Ice/Summoning                4
   e - Metabolic Englaciation         Hexes/Ice                    5
   f - Agony                          Necromancy                   5
 r - a book of Misfortune

   Spells                             Type                      Level
   a - Confusing Touch                Hexes                        1
   b - Confuse                        Hexes                        3
   c - Gell's Gravitas                Hexes/Translocation          3
   d - Petrify                        Transmutation/Earth          4
   e - Metabolic Englaciation         Hexes/Ice                    5
   f - Yara's Violent Unravelling     Hexes/Transmutation          5
Comestibles
 g - 2 royal jellies


   Skills:
 + Level 6.1 Fighting
 - Level 11.3 Short Blades
 - Level 10.5 Throwing
 + Level 10.0 Dodging
 + Level 13.6 Stealth
 + Level 8.4 Spellcasting
 * Level 1.6 Hexes
 + Level 0.0 Charms
 + Level 0.0 Translocations
 * Level 16.1 Evocations


You had 9 spell levels left.
You knew the following spells:

 Your Spells              Type           Power        Failure   Level  Hunger
a - Regeneration          Chrm/Necr      #.........   34%         3    #......
b - Confuse               Hex            ##......     17%         3    #......
c - Gell's Gravitas       Hex/Tloc       #.........   28%         3    #......
d - Pain                  Necr           #...         12%         1    None
e - Shock                 Conj/Air       #...         12%         1    None
f - Repel Missiles        Chrm/Air       #.....       17%         2    None
g - Static Discharge      Conj/Air       #.......     34%         3    #......


Dungeon Overview and Level Annotations

Branches:
Dungeon (1/1)

Altars:
Cheibriados
Dithmenos
Elyvilon
Gozag
Hepliaklqana
Kikubaaqudgha
Makhleb
Nemelex Xobeh
Okawaru
Qazlal
Ru
Sif Muna
Trog
Uskayaw
Vehumet
Xom
Yredelemnul
Zin
The Shining One
Beogh
Jiyva
Lugonu

Shops:
D [[!=

Annotations:
D Agnes


Innate Abilities, Weirdness & Mutations

You are very small and have problems with some larger weapons.
You are too small for most types of armour.
You have supernaturally acute eyesight. (SInv)
You are a herbivore.
You cover ground extremely quickly.
You need consume almost no food.


Message History

You shoot a poisoned needle. The poisoned needle misses Agnes.
Agnes completely misses you.
Firing (i - inventory. (,) - cycle):
e - 4 poisoned needles (quivered)
Press: ? - help, Shift-Dir - straight line, f/p - Agnes
Aim: Agnes, wielding a lajatang and wearing a robe (moderately wounded, poisoned)
You shoot a poisoned needle. The poisoned needle hits Agnes.
Agnes looks even sicker.
Agnes is moderately wounded.
Firing (i - inventory. (,) - cycle):
e - 3 poisoned needles (quivered)
Press: ? - help, Shift-Dir - straight line, f/p - Agnes
Aim: Agnes, wielding a lajatang and wearing a robe (moderately wounded, poisoned)
You shoot a poisoned needle. The poisoned needle hits Agnes.
Agnes looks as sick as possible!
Agnes is moderately wounded.
Agnes hits you with a lajatang!
* * * LOW HITPOINT WARNING * * *
Unknown command.
Agnes hits you with a lajatang!!
You die...
Your body crumbles into a pile of gold.

#################################
<..P#.....#.....#.⌠._._._._.⌠.#..
PP..'.....'.#.%.'.._._._._)_..)..
PPPP#.....#.#...#..._._._._...#..
##############'##.._._._._._..#..
...♣........'...#.⌠._._._._.⌠.###
......♣.....#...#################
.....♣..♣..######♣♣♣♣♣(.♣.###.'..
#'####'######.)'@i....♣..♣##..#..
[.#....'.......#♣..♣♣♣.♣)§###.##'
.)#..###.......#.♣♣.)♣...♣'...# .
###### ########## ############ .
( . . #


You could see Agnes.

Vanquished Creatures
  A spriggan druid (D)
  6 oklob plants (D)
  A demonic crawler (D)
  3 wandering mushrooms (D)
  A queen bee (D)
  3 burning bushes (D)
  5 oklob saplings (D)
  2 scorpions (D)
  4 killer bees (D)
  A worker ant (D)
  2 spriggans (D)
  A river rat (D)
  A rat (D)
  A ballistomycete (D)
  A ballistomycete spore (D)
33 creatures vanquished.

Notes
Turn   | Place    | Note
-------+----------+-------------------------------------------
     0 | D        | Groucho the Spriggan Assassin began the quest for the Orb.
     0 | D        | Reached XP level 1. HP: 10/10 MP: 2/2
    12 | D        | Reached XP level 2. HP: 14/14 MP: 3/3
   441 | D        | Noticed an oklob sapling
   647 | D        | Reached XP level 3. HP: 18/18 MP: 4/4
   666 | D        | Found an opulent altar of Gozag.
   666 | D        | Found a hazy altar of Hepliaklqana.
   666 | D        | Found a roughly hewn altar of Beogh.
   666 | D        | Found a snail-covered altar of Cheibriados.
   667 | D        | Found a viscous altar of Jiyva.
   667 | D        | Found a burning altar of Makhleb.
   667 | D        | Found a sparkling altar of Nemelex Xobeh.
   667 | D        | Found a sacrificial altar of Ru.
   667 | D        | Found a deep blue altar of Sif Muna.
   667 | D        | Found a bloodstained altar of Trog.
   667 | D        | Found a shimmering altar of Xom.
   667 | D        | Found a basalt altar of Yredelemnul.
   667 | D        | Noticed an oklob sapling priest
   668 | D        | Found an iron altar of Okawaru.
   668 | D        | Found a shadowy altar of Dithmenos.
   668 | D        | Found a glowing silver altar of Zin.
   669 | D        | Found an ancient bone altar of Kikubaaqudgha.
   669 | D        | Found a hide-covered altar of Uskayaw.
   670 | D        | Found a stormy altar of Qazlal.
   670 | D        | Found a white marble altar of Elyvilon.
   670 | D        | Found a glowing golden altar of the Shining One.
   671 | D        | Became a worshipper of Gozag Ym Sagoz the Greedy
   672 | D        | Found a corrupted altar of Lugonu.
   672 | D        | Found a radiant altar of Vehumet.
   675 | D        | Killed an oklob sapling priest
   675 | D        | Reached skill level 7 in Evocations
   675 | D        | Reached XP level 4. HP: 22/22 MP: 2/10
   984 | D        | Reached skill level 8 in Evocations
  1011 | D        | Reached skill level 10 in Evocations
  1011 | D        | Reached XP level 5. HP: 25/25 MP: 10/13
  1206 | D        | Reached skill level 11 in Evocations
  1996 | D        | Noticed a queen bee
  2008 | D        | Reached skill level 1 in Spellcasting
  2010 | D        | Killed a queen bee
  2010 | D        | Reached skill level 5 in Throwing
  2010 | D        | Reached skill level 10 in Stealth
  2010 | D        | Reached skill level 12 in Evocations
  2010 | D        | Reached XP level 6. HP: 32/32 MP: 13/16
  2012 | D        | Reached XP level 7. HP: 36/36 MP: 14/17
  2016 | D        | Noticed an oklob plant
  2019 | D        | Killed an oklob plant
  2019 | D        | Reached skill level 13 in Evocations
  2027 | D        | Noticed a burning bush
  2519 | D        | Reached skill level 5 in Spellcasting
  2526 | D        | Reached XP level 8. HP: 42/42 MP: 19/19
  2584 | D        | Found Fuihivan's Antique Armour Shop.
  2585 | D        | Found Ifromest's Antique Armour Emporium.
  2593 | D        | Noticed a burning bush
  2593 | D        | Noticed a wandering mushroom
  2594 | D        | Noticed a wandering mushroom
  2596 | D        | Killed a wandering mushroom
  2598 | D        | Killed a wandering mushroom
  2598 | D        | Reached skill level 14 in Evocations
  3099 | D        | Identified the Papyrus of Freezing Dark Secrets
  3109 | D        | Learned a level 3 spell: Regeneration
  3172 | D        | HP: 1/42 [burning bush/puff of flame (7)]
  3667 | D        | Killed a burning bush
  3679 | D        | Noticed a burning bush
  3679 | D        | Noticed an oklob plant
  3680 | D        | Noticed a wandering mushroom
  3681 | D        | Killed a burning bush
  3681 | D        | Reached XP level 9. HP: 46/46 MP: 17/20
  3686 | D        | Killed an oklob plant
  3686 | D        | Reached skill level 5 in Fighting
  3690 | D        | Killed a wandering mushroom
  3690 | D        | Reached skill level 10 in Short Blades
  3702 | D        | Noticed a spriggan druid
  3704 | D        | Killed a spriggan druid
  3704 | D        | Reached skill level 15 in Evocations
  3710 | D        | Noticed an oklob plant conjurer
  3711 | D        | Killed an oklob plant conjurer
  3718 | D        | Learned a level 3 spell: Confuse
  3722 | D        | Learned a level 3 spell: Gell's Gravitas
  3724 | D        | Learned a level 1 spell: Pain
  3733 | D        | Noticed Agnes
  3737 | D        | Noticed an oklob plant
  3738 | D        | Noticed an oklob plant shifter
  3738 | D        | Noticed an oklob plant summoner
  3742 | D        | Killed an oklob plant
  3742 | D        | Reached skill level 10 in Throwing
  3744 | D        | Killed an oklob plant summoner
  3744 | D        | Reached XP level 10. HP: 53/53 MP: 22/22
  3747 | D        | Killed an oklob plant shifter
  4144 | D        | Reached skill level 16 in Evocations
  5114 | D        | Reached skill level 10 in Dodging
  5114 | D        | Reached skill level 1 in Hexes
  5134 | D        | Found Podonat's Distillery.
  5135 | D        | Found Vykicel's Jewellery Emporium.
  5141 | D        | Learned a level 1 spell: Shock
  5144 | D        | Learned a level 2 spell: Repel Missiles
  5148 | D        | Learned a level 3 spell: Static Discharge
  5151 | D        | Bought the ring "Oprom" {+Inv rElec rF+ Str+2 Slay+3} for 816 gold pieces
  5289 | D        | HP: 2/53 [Agnes/lajatang (17)]
  5294 | D        | Demolished by Agnes

Skill      XL: |  1  2  3  4  5  6  7  8  9 10 |
---------------+-------------------------------+-----
Short Blades   | 3 6 7 9 11 | 11.3
Stealth        | 7 9 10 11 12 13 | 13.6
Throwing       | 3 5 6 7 8 10 | 10.5
Evocations     | 7 10 12 13 14 15 16 | 16.1
Dodging        | 4 6 7 9 10 | 10.0
Spellcasting   | 3 5 6 7 8 |  8.4
Fighting       | 2 3 4 5 6 |  6.1
Hexes          | 1 |  1.6

Action                   |  1- 3 |  4- 6 |  7- 9 | 10-12 || total
-------------------------+-------+-------+-------+-------++-------
Melee: Dagger            |     3 |    10 |    42 |    48 ||   103
 Fire: Blowgun           |     8 |       |     9 |     7 ||    24
Throw: Stone             |       |       |    10 |     2 ||    12
 Cast: Regeneration      |       |       |     1 |       ||     1
       Confuse           |       |       |       |     3 ||     3
       Shock             |       |       |       |     1 ||     1
Invok: Potion Petition   |       |       |     2 |     1 ||     3
 Abil: Evoke Invisibilit |     1 |     4 |     2 |     1 ||     8
  Use: Potion            |       |     1 |       |     2 ||     3
       Scroll            |       |       |       |     1 ||     1
 Stab: Sleeping          |     2 |     6 |    13 |     1 ||    22
       Invisible         |       |     2 |       |       ||     2
       Distracted        |       |       |     1 |       ||     1
       Confused          |       |       |       |     1 ||     1
  Eat: Bread ration      |       |     1 |       |       ||     1
       Royal jelly       |       |       |       |     1 ||     1
Armor: Robe              |       |       |       |     2 ||     2
Dodge: Dodged            |     1 |       |     6 |    43 ||    50
